 Dungeon Crawl Stone Soup version 0.20-a0-555-gf6ae02d (console) character file.

213 Lahna the Insei (level 5, -1/41 HPs)
             Began as a Demonspawn Chaos Knight on Feb 7, 2017.
             Slain by Pikel
             ... wielding a +0 whip of flaming
              (4 damage)
             ... on level 4 of the Dungeon.
             The game lasted 00:09:34 (3078 turns).

Lahna the Insei (Demonspawn Chaos Knight)           Turns: 3078, Time: 00:09:35

Health: -1/41      AC:  7    Str: 13    XL:     5   Next: 59%
Magic:  5/5        EV: 11    Int: 13    God:    Xom [....*.]
Gold:   222        SH:  0    Dex: 13    Spells: 4/4 levels left

rFire    + . .     SeeInvis .     - Unarmed
rCold    + . .     Gourm    .   a - +2 leather armour
rNeg     . . .     Faith    .   (no shield)
rPois    .         Spirit   .   s - +1 helmet
rElec    .         Reflect  .   (no cloak)
rCorr    .         Harm     .   (no gloves)
MR       .....                  (no boots)
Stlth    ++........             (no amulet)
Regen    0.2/turn               q - ring of protection from cold
                                p - ring of stealth

@: very slightly contaminated, invisible
A: hooves 2, fire resistance 1
a: Renounce Religion


You were on level 4 of the Dungeon.
You worshipped Xom.
You were a beloved toy of Xom.
You were not hungry.

You visited 1 branch of the dungeon, and saw 4 of its levels.

You collected 222 gold pieces.

Inventory:

Armour
 a - a +2 leather armour (worn)
 o - a +0 plate armour
 s - a +1 helmet (worn)
Jewellery
 p - a ring of stealth (left hand)
 q - a ring of protection from cold (right hand)
Wands
 x - a wand of enslavement (12/24)
Scrolls
 e - 2 scrolls of blinking {unknown}
 f - a scroll of amnesia {unknown}
 h - a scroll of fog {unknown}
 i - 4 scrolls of identify
 j - a scroll of remove curse
 k - a scroll of teleportation {unknown}
 u - a scroll of random uselessness {unknown}
 v - a scroll of fear {unknown}
Potions
 c - a potion of ambrosia {unknown}
 d - a potion of curing
 n - a potion of cancellation
 r - a potion of resistance
Comestibles
 b - 3 bread rations
 g - 3 royal jellies
 l - 3 fruits
 m - a meat ration


   Skills:
 - Level 3.0 Fighting
 - Level 3.0 Armour
 - Level 1.0 Dodging
 + Level 5.2 Unarmed Combat


You had 4 spell levels left.
You didn't know any spells.

Dungeon Overview and Level Annotations

Branches:
Dungeon (4/15)             Temple (0/1) D:4

Altars:
Fedhas
Xom

Annotations:
D:3 Jessica
D:4 Duvessa, Pikel


Innate Abilities, Weirdness & Mutations

You have hoof-like feet.
Your flesh is heat resistant. (rF+)


Message History

You hit Pikel but do no damage. Your kick misses Pikel.
Pikel is heavily wounded.
The orc hits your flail but does no damage.
The orc closely misses your flail. Pikel barely misses you.
Your flail hits the orc!!
The orc dies!
The orc priest calls down the wrath of Beogh upon you.
Beogh smites you!
* * * LOW HITPOINT WARNING * * *
You barely miss Pikel.
Pikel is heavily wounded.
The orc hits your flail but does no damage.
Pikel closely misses you.
Unknown command.
As you read the scroll labeled WUIBLU WASH, it crumbles to dust.
You feel blessed for a moment.
It was a scroll of remove curse.
The orc priest completely misses your flail.
The orc misses your flail. Pikel hits you with a whip of flaming.
You die... "This toy is broken."

##.................##..#.
#........)........#...##
##....##..............##
##.....###................
.o##.....##
#..............##
#.......# #.....####..####
###.....# ##p...## #...
###.#.###Kp##. #.#..
##.oo(@### #.### ##.o###
## ####


You could see Pikel, 2 slaves, 2 orc priests, an orc and a friendly flail.

Vanquished Creatures
  Natasha (thrice) (D:4)
  Robin (D:2)
  An adder (D:3)
  2 worms (D:2)
  4 dart slugs
  3 leopard geckos
  3 orcs (D:3)
  A ball python (D:2)
  2 giant cockroaches (D:1)
  14 goblins
  5 hobgoblins
  5 jackals
  7 kobolds
  A quokka (D:2)
  11 bats
  2 frilled lizards
  8 rats
73 creatures vanquished.

Vanquished Creatures (collateral kills)
  A slave (D:4)
  A scorpion (D:4)
  A worm (D:4)
  2 orcs (D:4)
5 creatures vanquished.

Grand Total: 78 creatures vanquished

Notes
Turn   | Place    | Note
-------+----------+-------------------------------------------
     0 | D:1      | Lahna the Demonspawn Chaos Knight began the quest for the Orb.
     0 | D:1      | Reached XP level 1. HP: 18/18 MP: 1/1
    42 | D:1      | Reached skill level 1 in Dodging
   209 | D:1      | Gained mutation: You have large cloven feet. [demonic ancestry]
   209 | D:1      | Reached XP level 2. HP: 24/24 MP: 2/2
   259 | D:1      | Reached skill level 3 in Unarmed Combat
   418 | D:1      | XOM: harmless Air miscast
   475 | D:1      | XOM: harmless Air miscast
   965 | D:1      | XOM: god gift: 20 gold pieces
   985 | D:1      | XOM: harmless Divn miscast
  1076 | D:2      | XOM: harmless Conj miscast
  1128 | D:2      | Gained mutation: Your flesh is heat resistant. (rF+) [demonic ancestry]
  1128 | D:2      | Reached XP level 3. HP: 29/29 MP: 3/3
  1174 | D:2      | XOM: harmless Erth miscast
  1442 | D:2      | XOM: silly message
  1606 | D:2      | Noticed Robin
  1644 | D:2      | Killed Robin
  1804 | D:2      | Gained mutation: You have hoof-like feet. [demonic ancestry]
  1804 | D:2      | Reached XP level 4. HP: 34/35 MP: 4/4
  1916 | D:2      | Reached skill level 4 in Unarmed Combat
  1978 | D:2      | XOM: harmless Conj miscast
  2025 | D:2      | XOM: harmless Pois miscast
  2053 | D:2      | XOM: cloud trail
  2135 | D:3      | XOM: harmless Tmut miscast
  2269 | D:3      | XOM is BORED!
  2269 | D:3      | XOM: harmless Air miscast
  2375 | D:3      | XOM: potion effect (agility)
  2377 | D:3      | XOM: potion effect (invisibility)
  2423 | D:3      | Found a blossoming altar of Fedhas.
  2479 | D:3      | Noticed Jessica
  2559 | D:4      | XOM: divination: detect items
  2672 | D:4      | Noticed Natasha
  2682 | D:4      | Killed Natasha
  2682 | D:4      | Reached XP level 5. HP: 26/41 MP: 5/5
  2761 | D:4      | Noticed Natasha
  2761 | D:4      | Noticed an ogre
  2777 | D:4      | XOM: harmless Ice miscast
  2783 | D:4      | Killed Natasha
  2870 | D:4      | XOM: scenery: create altars
  2890 | D:4      | XOM: confuse monster(s)
  2903 | D:4      | Found a shimmering altar of Xom.
  2903 | D:4      | Noticed a slave
  2904 | D:4      | a slave changed into a worm
  2904 | D:4      | XOM: polymorph slave -> worm
  2906 | D:4      | Noticed Pikel
  2909 | D:4      | XOM: summons 5 friendly demons
  2918 | D:4      | Noticed Natasha
  2922 | D:4      | Reached skill level 5 in Unarmed Combat
  2928 | D:4      | Killed Natasha
  2929 | D:4      | Noticed a slave
  2936 | D:4      | Killed a slave
  2958 | D:4      | Noticed Duvessa
  2959 | D:4      | Found a staircase to the Ecumenical Temple.
  3025 | D:4      | Noticed a slave
  3058 | D:4      | Noticed a slave
  3078 | D:4      | Slain by Pikel

Vault maps used:
D:1:      matt_arrival_refuge
D:2:      uniq_robin
D:3:      lemuel_crystal_altar, first_bread, serial_glass, glass_columns_b,
          glass_columns_a, item_on_display_a, due_unseen_surprise,
          minmay_ruptured, uniq_jessica
D:4:      xom_butterflies, minmay_temple_entry_mist, uniq_natasha, uniq_duvessa,
          uniq_pikel

Skill      XL: |  1  2  3  4  5 |
---------------+----------------+-----
Dodging        | 1 |  1.0
Armour         | 2 3 |  3.0
Unarmed Combat | 3 4 5 |  5.2
Fighting       | |  3.0

Action                   |  1- 3 |  4- 6 || total
-------------------------+-------+-------++-------
Melee: Unarmed           |   172 |   124 ||   296
       Kick              |    24 |    25 ||    49
       Punch             |     1 |     5 ||     6
  Use: Scroll            |     3 |     1 ||     4
       Potion            |       |     2 ||     2
 Stab: Sleeping          |     1 |     2 ||     3
       Invisible         |       |     4 ||     4
       Distracted        |       |     1 ||     1
  Eat: Chunk             |     3 |     4 ||     7
Armor: Leather armour    |    57 |    43 ||   100
Dodge: Dodged            |   107 |    71 ||   178
